 Dungeon Crawl Stone Soup version 0.25-a0-302-g9f758675c1 (webtiles) character file.

Game seed: 14856146975600818586, levelgen mode: deterministic

34 MoonlitKnight the Charmwright (level 3, -1/31 HPs)
             Began as a Gnoll Skald on Dec 20, 2019.
             Slain by Sigmund
             ... wielding a +0 scythe
              (3 damage)
             ... on level 2 of the Dungeon.
             The game lasted 00:01:42 (1200 turns).

MoonlitKnight the Charmwright (Gnoll Skald)         Turns: 1200, Time: 00:01:42

Health: -1/31      AC:  3    Str: 14    XL:     3   Next: 31%
Magic:  7/9        EV: 14    Int: 15    God:
Gold:   90         SH:  0    Dex: 14    Spells: 11/12 levels left

rFire    . . .     SeeInvis .   a - +0 spear
rCold    . . .     Gourm    .   (no shield)
rNeg     . . .     Faith    .   b - +0 leather armour
rPois    .         Spirit   .   (no helmet)
rElec    .         Reflect  .   (no cloak)
rCorr    .         Harm     .   (no gloves)
MR       .....                  (no boots)
Stlth    +.........             (no amulet)
HPRegen  0.10/turn              (no ring)
MPRegen  0.11/turn              (no ring)

@: infused
A: distributed training, fangs 1, strong nose
a: no special abilities


You were on level 2 of the Dungeon.
You were not hungry.

You visited 1 branch of the dungeon, and saw 2 of its levels.

You collected 90 gold pieces.

Inventory:

Hand Weapons
 a - a +0 spear (weapon)
Missiles
 k - 24 sling bullets
Armour
 b - a +0 leather armour (worn)
 g - a +0 shield
Jewellery
 l - an uncursed amulet of magic regeneration {unknown}
Scrolls
 c - a scroll of blinking {unknown}
 e - a scroll of magic mapping {unknown}
 h - a scroll of amnesia {unknown}
 m - a scroll of teleportation {unknown}
Potions
 f - a potion of ambrosia {unknown}
 i - a potion of curing {unknown}
 j - a potion of lignification {unknown}
 n - 2 potions of mutation {unknown}
 o - a potion of might {unknown}
 p - 2 potions of brilliance {unknown}
Comestibles
 d - 2 rations


   Skills:
 + Level 4.5 Fighting
 + Level 0.7 Short Blades
 + Level 0.7 Long Blades
 + Level 0.7 Axes
 + Level 0.7 Maces & Flails
 + Level 4.5 Polearms
 + Level 0.7 Staves
 + Level 0.7 Slings
 + Level 0.7 Bows
 + Level 0.7 Crossbows
 + Level 0.7 Throwing
 + Level 2.6 Armour
 + Level 4.5 Dodging
 + Level 0.7 Stealth
 + Level 0.7 Shields
 + Level 0.7 Unarmed Combat
 + Level 5.0 Spellcasting
 + Level 0.5 Conjurations
 + Level 0.5 Hexes
 + Level 5.4 Charms
 + Level 0.5 Summonings
 + Level 0.5 Necromancy
 + Level 0.5 Translocations
 + Level 0.5 Transmutations
 + Level 0.5 Fire Magic
 + Level 0.5 Ice Magic
 + Level 0.5 Air Magic
 + Level 0.5 Earth Magic
 + Level 0.5 Poison Magic
 + Level 0.9 Invocations
 + Level 0.7 Evocations


You had 11 spell levels left.
You knew the following spells:

 Your Spells              Type           Power        Failure   Level  Hunger
a - Infusion              Chrm           ###.         2%          1    None

Your spell library contained the following spells:

 Spells                   Type           Power        Failure   Level  Hunger
 Song of Slaying          Chrm           ###.....     3%          2    ##.....
 Shroud of Golubria       Chrm/Tloc      ##....       9%          2    ##.....
 Regeneration             Chrm/Necr      ##........   19%         3    ###....
 Spectral Weapon          Hex/Chrm       ##......     19%         3    ###....


Dungeon Overview and Level Annotations

Branches:
Dungeon (2/15)

Altars:

Annotations:
D:2 Sigmund


Innate Abilities, Weirdness & Mutations

Your experience applies equally to all skills.
You have very sharp teeth.
Your uncanny sense of smell can sniff out nearby items.


Message History

Confirm with . or Enter, or press ? or * to list all spells.
You don't know that spell.
Casting: Infusion (safe; 2% risk of failure)
Confirm with . or Enter, or press ? or * to list all spells.
You begin infusing your attacks with magical energy.
Sigmund mumbles some strange words.
Sigmund flickers and vanishes!
Deactivating autopickup; reactivate with Ctrl-A.
You closely miss something. Something hits you.
You miss something. You bite something. You closely miss something.
Something hits you!
You barely miss something. Something closely misses you.
You barely miss something. You barely miss something. Something hits you!
* * * LOW HITPOINT WARNING * * *
You hit something. You closely miss something. You bite something.
Something hits you.
* * * LOW HITPOINT WARNING * * *
You hit something. Something hits you.
You die...

# ..## #.# #. ...##
#.#
......######.#####
.#....##........###
.#...+....).......
#.
......#........###
#..#
#....#.##.###.#
#....##.#....##.#
#.#
#....{@.......#.#
#.#
####.##.##..#.#.#
#.#
#.##.##.#..#.###.#
#....รท...........#
##.#..#.##.#.#####
#.......##.#.#
#.............#
........########
#####.####


There were no monsters in sight!

Vanquished Creatures
  3 dart slugs
  5 goblins (D:1)
  4 hobgoblins
  A kobold (D:1)
  3 bats
  9 frilled lizards (D:1)
  3 rats (D:1)
28 creatures vanquished.

Notes
Turn   | Place    | Note
-------+----------+-------------------------------------------
     0 | D:1      | MoonlitKnight the Gnoll Skald began the quest for the Orb.
     0 | D:1      | Reached XP level 1. HP: 20/20 MP: 6/6
   252 | D:1      | Reached XP level 2. HP: 26/26 MP: 7/7
   748 | D:1      | Reached XP level 3. HP: 31/31 MP: 9/9
   854 | D:1      | Reached skill level 5 in Spellcasting
  1186 | D:2      | Noticed Sigmund
  1200 | D:2      | Slain by Sigmund

Levels and vault maps discovered:
D:1:      minmay_arrival_four_loops, layout_basic, minmay_misc_feat_roman,
          minmay_lizard_pond
D:2:      layout_loops_corners, hangedman_abyss_or_decor_lesser_grid,
          uniq_sigmund, uniq_robin, uniq_crazy_yiuf_cottage

Skill      XL: |  1  2  3 |
---------------+----------+-----
Spellcasting   | 5 |  5.0
Fighting       | |  4.5
Short Blades   | |  0.7
Long Blades    | |  0.7
Axes           | |  0.7
Maces & Flails | |  0.7
Polearms       | |  4.5
Staves         | |  0.7
Slings         | |  0.7
Bows           | |  0.7
Crossbows      | |  0.7
Throwing       | |  0.7
Armour         | |  2.6
Dodging        | |  4.5
Stealth        | |  0.7
Shields        | |  0.7
Unarmed Combat | |  0.7
Conjurations   | |  0.5
Hexes          | |  0.5
Charms         | |  5.4
Summonings     | |  0.5
Necromancy     | |  0.5
Translocations | |  0.5
Transmutations | |  0.5
Fire Magic     | |  0.5
Ice Magic      | |  0.5
Air Magic      | |  0.5
Earth Magic    | |  0.5
Poison Magic   | |  0.5
Invocations    | |  0.9
Evocations     | |  0.7

Action                   || total
-------------------------++-------
Melee: Spear             ||   104
       Bite              ||    12
 Cast: Infusion          ||     1
 Stab: Sleeping          ||     1
  Eat: Chunk             ||     1
Armor: Leather armour    ||    22
Dodge: Dodged            ||    57

Table legend:
 A = Non-vault XP
 B = Vault XP
 C = Vault XP percentage of total XP
 D = Non-vault monster count
 E = Vault monster count
 F = Vault count percentage of total count
                 A         B        C        D         E       F
            +---------+---------+-------+---------+---------+-------
      Total |      41 |       8 |  16.3 |      20 |       8 |  28.6
            +---------+---------+-------+---------+---------+-------
        D:1 |      33 |       8 |  19.5 |      17 |       8 |  32.0
        D:2 |       8 |       0 |   0.0 |       3 |       0 |   0.0
            +---------+---------+-------+---------+---------+-------
